 Dungeon Crawl Stone Soup version 0.31-a0-210-gccc998df9b (webtiles) character file.

Game seed: 10307264050680115348

692 JamisonSwartz13 the Chiller (level 7, -2/52 HPs)
             Began as a White Draconian Ice Elementalist on July 1, 2023.
             Was an Initiate of Makhleb.
             Slain by an iguana (6 damage)
             ... on level 5 of the Dungeon.
             The game lasted 00:20:21 (4564 turns).

JamisonSwartz13 the Chiller (DrIE)                  Turns: 4564, Time: 00:20:21

Health: -2/52      AC: 18    Str: 10    XL:     7   Next: 36%
Magic:  11/13      EV: 13    Int: 17    God:    Makhleb [......]
Gold:   244        SH:  0    Dex: 18    Spells: 4/15 levels left

rFire   + + .        b - +1 short sword (protect)
rCold   . . .        (no shield)
rNeg    . . .        (body armour unavailable)
rPois   +            (helmet restricted)
rElec   .            (no cloak)
rCorr   .            f - +2 pair of gloves
SInv    +            n - +1 pair of boots of the Past {SInv}
Will    +....        w - amulet "Bashrabb" {rF++ rC- Regen+ SInv}
Stlth   ++           g - ring of poison resistance
HPRegen 1.08/turn    r - +6 ring of dexterity
MPRegen 0.13/turn

%: no passive effects
@: under a protective aura, freezing walls, attractive, enlightened, flying
A: breathe frost, AC +6, unfitting armour, cold resistance 1, cold-blooded
a: Breathe Frost, Renounce Religion


You were on level 5 of the Dungeon.
You worshipped Makhleb.
Makhleb was noncommittal.
You visited 1 branch of the dungeon, and saw 5 of its levels.

You collected 244 gold pieces.

Inventory:

Hand Weapons
 b - a +1 short sword of protection (weapon)
 d - a +3 dagger
 j - a +1 hand axe of electrocution
Armour
 f - a +2 pair of gloves (worn)
 n - the +1 pair of boots of the Past (worn) {SInv}
   (You found it on level 2 of the Dungeon)

   SInv:      It lets you see invisible.
Jewellery
 g - a ring of poison resistance (left hand)
 l - a ring of fire
 r - a +6 ring of dexterity (right hand)
 w - the amulet "Bashrabb" (around neck) {rF++ rC- Regen+ SInv}
   (You found it on level 5 of the Dungeon)

   [amulet of regeneration]

   rF:        It greatly protects you from fire.
   rC:        It makes you vulnerable to cold.
   SInv:      It lets you see invisible.
   Regen:     It increases your rate of health regeneration.
Wands
 s - a wand of iceblast (1)
Scrolls
 i - 4 scrolls of poison
 m - a scroll of fog
 o - a scroll of amnesia
 p - a scroll of blinking
 t - a scroll of teleportation {unknown}
 u - a scroll of identify
Potions
 a - 2 potions of magic
 c - 2 potions of attraction
 e - a potion of might
 h - a potion of cancellation
 k - a potion of ambrosia


   Skills:
 + Level 1.5 Fighting
 + Level 2.5 Short Blades
 + Level 3.1 Dodging
 + Level 2.5 Stealth
 + Level 4.6 Spellcasting
 + Level 7.3 Ice Magic


You had 4 spell levels left.
You knew the following spells:

 Your Spells              Type           Power      Damage    Failure   Level
a - Freeze                Ice            100%       1d10      1%          1
b - Frozen Ramparts       Ice            56%        1d9       2%          3
c - Summon Ice Beast      Ice/Summ       16%        N/A       32%         4
d - Ozocubu's Armour      Ice            28%        N/A       2%          3

Your spell library contained the following spells:

 Spells                   Type           Power      Damage    Failure   Level
 Apportation              Tloc           6%         N/A       16%         1
 Magic Dart               Conj           12%        1d3       16%         1
 Necrotise                Necr           12%        1d4       16%         1
 Summon Small Mammal      Summ           12%        N/A       16%         1
 Searing Ray              Conj           6%         2d4       22%         2
 Stone Arrow              Conj/Erth      6%         3d7       41%         3
 Fulminant Prism          Conj/Hex       1%         3d5       83%         4
 Petrify                  Tmut/Erth      3%         N/A       83%         4
 Metabolic Englaciation   Hex/Ice        8%         N/A       67%         5
 Alistair's Intoxication  Tmut/Pois      2%         N/A       99%         5
 Statue Form              Tmut/Erth      2%         N/A       100%        6
 Lehudib's Crystal Spear  Conj/Erth      1%         10d2      100%        8
 Animate Armour           Summ/Erth      Unusable   N/A       N/A         4

Dungeon Overview and Level Annotations

Branches:
Dungeon (5/15)             Temple (0/1) D:5

Altars:
Ashenzari
Makhleb
Nemelex Xobeh
Okawaru
Qazlal
Ru
Yredelemnul


Innate Abilities, Weirdness & Mutations

You can breathe waves of freezing cold which knock back foes.
Your icy white scales are hard. (AC +6)
You cannot fit into any form of body armour.
Your flesh is cold resistant. (rC+)
You are cold-blooded and may be slowed by cold attacks.


Message History

Casting: Ozocubu's Armour (dangerous; 2% risk of failure)
Confirm with . or Enter, or press ? or * to list all spells.
Casting: Frozen Ramparts (dangerous; 2% risk of failure)
Press: ? - help, Dir - look around, f - activate The walls around you are covered in ice.
The wall freezes the jelly!
The jelly hits you but does no damage.
The wall freezes the iguana.
The iguana seems to slow down.
The iguana bites you.
* * * LOW HITPOINT WARNING * * *
Prince Ribbit is attracted toward you.
The wall freezes Prince Ribbit.
Prince Ribbit seems to slow down.
Prince Ribbit barely misses you.
The wall freezes the jelly.
You kill the jelly!
Makhleb accepts your kill.
The wall freezes Prince Ribbit!
Prince Ribbit blinks!
Prince Ribbit is attracted toward you.
The wall freezes the iguana!
The iguana seems to slow down.
The iguana misses you.
Prince Ribbit blinks!
The wall freezes Prince Ribbit!
Prince Ribbit seems to slow down.
Prince Ribbit hits you!
* * * LOW HITPOINT WARNING * * *
The wall freezes the iguana but does no damage.
The iguana bites you but does no damage.
The wall freezes Prince Ribbit.
Prince Ribbit seems to slow down.
Prince Ribbit closely misses you.
The wall freezes the iguana but does no damage.
The iguana bites you but does no damage.
The wall freezes Prince Ribbit.
Prince Ribbit seems to slow down.
Prince Ribbit hits you.
* * * LOW HITPOINT WARNING * * *
You hit Prince Ribbit.
Your weapon exudes an aura of protection.
Prince Ribbit is almost dead.
The wall freezes Prince Ribbit!
You kill Prince Ribbit!
Makhleb accepts your kill.
Prince Ribbit returns to his original shape as he dies.
The wall freezes the iguana but does no damage.
The iguana bites you.
You die...

..#.....# #.# #.~~♣♣♣...#
........####.###.#P♣♣....#
........†.............#...
........####.##.....#.....
........# #.#..#.....>...
........# #....#.........
..#.....###...............
. ######.†.....##.........
#l@.##........###..
..........##..####.## ###
..............####.### #
......####...........# ##
...... ##.##......# #.
...... .##......# #. ##...
##......# #. #...
#..#..####. ....###......


You could see an iguana (slow).

Vanquished Creatures
  A nameless horror (D:4)
  Prince Ribbit (D:5)
  Sigmund (D:2)
  An ogre (D:4)
  A scorpion (D:5)
  A jelly (D:5)
  A hound (D:4)
  A sleepcap (D:4)
  Terence (D:2)
  3 iguanas
  A mummy (D:4)
  Robin (D:2)
  7 adders
  A white imp (D:5)
  A worm (D:4)
  2 dart slugs
  7 orcs
  8 endoplasms
  5 giant cockroaches
  11 goblins
  9 hobgoblins
  2 jackals (D:1)
  4 quokkas
  10 ball pythons
  5 bats
  7 frilled lizards
  A goblin zombie (D:4)
  12 kobolds
  A kobold zombie (D:4)
  8 rats
115 creatures vanquished.

Notes
Turn   | Place    | Note
-------+----------+-------------------------------------------
     0 | D:1      | JamisonSwartz13 the Draconian Ice Elementalist began the
                  | quest for the Orb.
     0 | D:1      | Reached XP level 1. HP: 14/14 MP: 3/3
   183 | D:1      | Reached XP level 2. HP: 20/20 MP: 1/5
   463 | D:1      | Reached XP level 3. HP: 25/26 MP: 3/6
   903 | D:2      | Noticed Sigmund
   931 | D:2      | HP: 1/26 [something/puff of flame (13)]
   969 | D:2      | Killed Sigmund
   970 | D:2      | Reached skill level 1 in Short Blades
   970 | D:2      | Reached skill level 5 in Ice Magic
   970 | D:2      | Reached XP level 4. HP: 11/34 MP: 1/9
   970 | D:2      | Reached XP level 5. HP: 12/39 MP: 1/10
   983 | D:2      | Learned a level 3 spell: Frozen Ramparts
   988 | D:2      | Learned a level 4 spell: Summon Ice Beast
  1110 | D:2      | Noticed Terence
  1134 | D:2      | Killed Terence
  1144 | D:2      | Noticed Robin
  1156 | D:2      | Killed Robin
  1351 | D:2      | Reached XP level 6. HP: 46/46 MP: 7/11
  1718 | D:2      | Identified the +1 pair of boots of the Past {SInv}
  1811 | D:2      | Found a broken altar of Ashenzari.
  2239 | D:3      | Found a sacrificial altar of Ru.
  2253 | D:3      | Found a stormy altar of Qazlal.
  2264 | D:3      | Found a burning altar of Makhleb.
  2268 | D:3      | Became a worshipper of Makhleb the Destroyer
  2276 | D:3      | Found a sparkling altar of Nemelex Xobeh.
  3208 | D:4      | Reached skill level 1 in Fighting
  3665 | D:4      | Found a basalt altar of Yredelemnul.
  3665 | D:4      | Found an iron altar of Okawaru.
  3814 | D:4      | Your scales start taking on an icy white colour.
  3814 | D:4      | Reached skill level 7 in Ice Magic
  3814 | D:4      | Reached XP level 7. HP: 52/52 MP: 9/13
  3814 | D:4      | Gained mutation: Your flesh is cold resistant. (rC+) [White
                  | Draconian growth]
  3821 | D:4      | Learned a level 3 spell: Ozocubu's Armour
  3825 | D:4      | Noticed a nameless horror
  3866 | D:4      | Killed a nameless horror
  4095 | D:5      | Entered Level 5 of the Dungeon
  4122 | D:5      | Found a staircase to the Ecumenical Temple.
  4152 | D:5      | Identified the amulet "Bashrabb" {rF++ rC- Regen+ SInv}
  4531 | D:5      | Noticed Prince Ribbit
  4564 | D:5      | Killed Prince Ribbit
  4564 | D:5      | Slain by an iguana

Illustrated notes

Levels and vault maps discovered:
D:1:      amcnicky_arrival_choice, layout_basic
D:2:      layout_basic, basic_altar, uniq_terence, uniq_sigmund, uniq_robin
D:3:      layout_basic, grunt_temple_overflow_cloverleaf,
          minmay_misc_feat_square, hangedman_decor_slide_cut
D:4:      layout_loops_corners, gammafunk_temple_overflow_pools,
          nicolae_ossuary_entry_giza
D:5:      layout_rooms, minmay_temple_entry_offerings, serial_bayou,
          serial_bayou_shore_a, serial_bayou_pond_d, serial_bayou_pond_e,
          serial_bayou_lagoon_b, minmay_gold_behind_fungi, uniq_prince_ribbit1

Skill      XL: |  1  2  3  4  5  6  7 |
---------------+----------------------+-----
Short Blades   | 1 2 |  2.5
Dodging        | 2 3 |  3.1
Stealth        | 2 |  2.5
Spellcasting   | 3 4 |  4.6
Ice Magic      | 5 7 |  7.3
Fighting       | 1 |  1.5

Action                     |  1- 3 |  4- 6 |  7- 9 || total
---------------------------+-------+-------+-------++-------
  Melee: Short sword       |    37 |   100 |   114 ||   251
         Tailslap          |     9 |    16 |    20 ||    45
         Punch             |     1 |     1 |     3 ||     5
   Cast: Freeze            |    52 |    51 |       ||   103
         Frozen Ramparts   |       |    13 |     1 ||    14
         Ozocubu's Armour  |       |       |     4 ||     4
    Use: Scroll            |     3 |     3 |       ||     6
         Potion            |     2 |       |     7 ||     9
   Stab: Sleeping          |       |     2 |       ||     2
 Armour: Skin              |    31 |    99 |    38 ||   168
  Dodge: Dodged            |    62 |   120 |    64 ||   246

Table legend: (Time is in decaauts)
 A = Elapsed time spent in this place.
 B = Non-inter-level travel time spent in this place.
 C = Inter-level travel time spent in this place.
 D = Time resting spent in this place.
 E = Time spent auto-exploring this place.
 F = Levels seen in this place.
 G = Mean time per level.
                   A        B        C        D        E       F      G
               +--------+--------+--------+--------+--------+-----+--------+
         Total |   4543 |   4450 |     93 |    212 |   2607 |   5 |  908.6 |
       Dungeon |   4543 |   4450 |     93 |    212 |   2607 |   5 |  908.6 |
               +--------+--------+--------+--------+--------+-----+--------+

Top non-repeatable levels by time:
     D:4: 1365 daAuts
     D:2: 1055 daAuts
     D:1: 885 daAuts
     D:3: 753 daAuts
     D:5: 482 daAuts
